Map: Eternal Empire LE

Players

Subang

  • Race: Zerg Zerg
  • Spawn Location: 7:00

術大招風 - Winner!

  • Race: Terran Terran
  • League: Platinum
  • Spawn Location: 1:00

VOD

Have the link to the VOD?

Description

Time

  • Played on: Aug. 27, 2020, 5:53 a.m.
  • Length: 7:47
Show
View Real Time Build Order
Export as new Build Order

Subang Zerg 

Build Orders: Hatch First 

Get SALT Encoding   

  12  0:00  Drone  
  13  0:12  Overlord  
  13  0:17  Drone  
  14  0:30  Drone x2  
  16  0:52  Hatchery, Drone  
  16  0:55  Drone  
  17  1:00  Drone  
  18  1:09  Extractor  
  17  1:16  Spawning Pool  
  16  1:19  Drone  
  16  1:23  Drone  
  18  1:31  Drone  
  19  1:43  Drone  
  20  1:50  Overlord  
  20  2:03  Queen x2  
  20  2:04  Zergling x4  
  26  2:12  Drone  
  27  2:16  Drone  
  27  2:18  Metabolic Boost  
  29  2:22  Drone  
  29  2:26  Drone  
  30  2:34  Drone  
  31  2:47  Drone x3  
  34  2:55  Drone  
  35  2:58  Overlord  
  35  3:04  Hatchery  
  34  3:09  Overlord  
  34  3:17  Baneling Nest  
  34  3:18  Zergling x6  
  34  3:19  Evolution Chamber  
  35  3:20  Overlord  
  35  3:24  Overlord  
  35  3:27  Drone  
  35  3:31  Drone x2  
  38  3:46  Overlord  
  38  3:51  Drone x7  
  45  4:02  Overlord  
  45  4:07  Extractor  
  45  4:09  Extractor  
  43  4:18  Drone x4  
  49  4:25  Drone x4  
  49  4:27  Drone  
  49  4:28  Drone  
  55  4:38  Zergling x12  
  58  4:52  Zergling x6  
  58  5:02  Zergling x4  
  50  5:11  Zergling x4  
  52  5:19  Zergling x2  
  53  5:26  Zergling x4  
  51  5:38  Spawning Pool  
  43  6:01  Extractor  
  42  6:22  Drone x6  
  42  6:23  Hatchery x2  
  46  6:26  Queen x2  
  50  6:40  Evolution Chamber  
  50  6:41  Zergling x4, Evolution Chamber  
  50  6:48  Drone x2  
  52  7:00  Drone x2  
  56  7:27  Overlord x2  
  56  7:28  Overlord x2  
Show
View Real Time Build Order
Export as new Build Order

術大招風 Terran - Winner!

Build Orders: 1/1/1 

Get SALT Encoding   

  12  0:00  SCV  
  13  0:12  SCV  
  14  0:20  Supply Depot  
  14  0:25  SCV  
  15  0:29  Refinery  
  15  0:42  Barracks  
  15  0:45  SCV  
  16  0:52  Refinery  
  17  0:57  SCV  
  17  1:09  SCV  
  18  1:21  SCV  
  19  1:32  Factory  
  19  1:34  Barracks Reactor  
  19  1:38  Orbital Command  
  19  1:47  Supply Depot  
  19  2:04  SCV  
  20  2:12  Marine x2  
  22  2:16  SCV  
  22  2:18  Starport  
  22  2:20  Factory Tech Lab  
  23  2:28  SCV  
  24  2:31  Supply Depot  
  24  2:39  Siege Tank  
  24  2:42  Marine  
  28  2:45  Marine  
  30  2:51  SCV  
  30  2:55  Medivac  
  32  3:00  Marine  
  32  3:03  Marine  
  32  3:04  SCV  
  35  3:10  Supply Depot  
  35  3:25  Siege Tank  
  38  3:31  Marine x2, Medivac  
  42  3:37  Supply Depot  
  42  3:48  SCV  
  43  4:00  SCV  
  43  4:02  Supply Depot  
  44  4:04  Starport Reactor  
  44  4:12  Command Center  
  44  4:14  Marine, SCV  
  44  4:15  Marine  
  47  4:23  Siege Tank  
  50  4:33  Marine  
  50  4:56  Marine x2  
  50  4:57  Siege Tank  
  54  5:18  Marine x2  
  55  5:24  SCV  
  56  5:29  Siege Tank  
  59  5:35  Marine  
  59  5:36  Marine  
  59  5:37  SCV  
  62  5:49  SCV  
  63  5:53  Marine x2  
  65  6:01  Siege Tank, SCV  
  69  6:05  Engineering Bay, Barracks  
  69  6:07  Barracks  
  69  6:10  Medivac  
  71  6:11  Marine x2  
  71  6:13  SCV  
  71  6:15  Bunker, Refinery  
  71  6:16  Refinery  
  71  6:18  Medivac  
  76  6:29  Marine  
  77  6:33  Orbital Command  
  77  6:36  SCV  
  78  7:01  Command Center  
  78  7:02  Missile Turret  
  78  7:03  Missile Turret  
  78  7:06  Armory  
  78  7:09  Marine, SCV  
  78  7:11  Supply Depot  
  80  7:19  Marine  
  81  7:27  Marine  
Tags
 
Add a new tag
Caveats
  • Supply blocks, unpowered buildings, or Contaminate may cause inaccurate times.
  • Supply counts are checked every 10 seconds.